 Dungeon Crawl Stone Soup version 0.31-a0-1-g4198be8af4 (webtiles) character file.

Game seed: 15000351018310833585

86 retardedninja the Firebug (level 4, -2/32 HPs)
             Began as a Gnoll Fire Elementalist on May 1, 2023.
             Killed from afar by an orc wizard (9 damage)
             ... with a magic dart
             ... on level 2 of the Dungeon.
             The game lasted 00:04:10 (2697 turns).

retardedninja the Firebug (Gnoll Fire Elementalist) Turns: 2697, Time: 00:04:11

Health: -2/32      AC:  2    Str:  7    XL:     4   Next: 49%
Magic:  11/11      EV: 18    Int: 17    God:
Gold:   122        SH:  0    Dex: 12    Spells: 12/13 levels left

rFire   . . .        o - +2 war axe (freeze)
rCold   . . .        (no shield)
rNeg    . . .        a - +0 robe
rPois   .            (no helmet)
rElec   .            (no cloak)
rCorr   .            (no gloves)
SInv    .            (no boots)
Will    .....        (no amulet)
Stlth   ++           k - +5 ring of evasion
HPRegen 0.25/turn    (no ring)
MPRegen 0.12/turn

%: no passive effects
@: no status effects
A: fangs 1, strong nose, distributed training
a: no special abilities


You were on level 2 of the Dungeon.
You visited 1 branch of the dungeon, and saw 3 of its levels.

You collected 122 gold pieces.

Inventory:

Hand Weapons
 o - a +2 war axe of freezing (weapon)
Armour
 a - a +0 robe (worn)
Jewellery
 j - an amulet of guardian spirit
 k - a +5 ring of evasion (left hand)
Scrolls
 b - a scroll of identify
 d - a scroll of magic mapping {unknown}
 e - a scroll of teleportation {unknown}
 f - 2 scrolls of immolation {unknown}
 i - 2 scrolls of silence {unknown}
 l - a scroll of blinking {unknown}
 p - 2 scrolls of amnesia {unknown}
 q - a scroll of enchant weapon {unknown}
Potions
 c - a potion of degeneration {unknown}
 g - a potion of lignification
 r - a potion of flight {unknown}


   Skills:
 + Level 1.2 Fighting
 + Level 1.2 Short Blades
 + Level 1.2 Long Blades
 + Level 1.2 Axes
 + Level 1.2 Maces & Flails
 + Level 1.2 Polearms
 + Level 1.2 Staves
 + Level 1.2 Ranged Weapons
 + Level 1.2 Throwing
 + Level 1.2 Armour
 + Level 4.6 Dodging
 + Level 4.3 Stealth
 + Level 1.2 Shields
 + Level 1.2 Unarmed Combat
 + Level 5.1 Spellcasting
 + Level 2.2 Conjurations
 + Level 1.0 Hexes
 + Level 1.0 Summonings
 + Level 1.0 Necromancy
 + Level 1.0 Translocations
 + Level 1.0 Transmutations
 + Level 5.5 Fire Magic
 + Level 1.0 Ice Magic
 + Level 1.0 Air Magic
 + Level 1.0 Earth Magic
 + Level 1.0 Poison Magic
 + Level 1.3 Invocations
 + Level 1.2 Evocations


You had 12 spell levels left.
You knew the following spells:

 Your Spells              Type           Power      Damage    Failure   Level
a - Foxfire               Conj/Fire      68%        2x1d7     2%          1

Your spell library contained the following spells:

 Spells                   Type           Power      Damage    Failure   Level
 Scorch                   Fire           46%        2d6       2%          2
 Slow                     Hex            28%        N/A       10%         1
 Inner Flame              Hex/Fire       15%        N/A       11%         3
 Volatile Blastmotes      Fire/Tloc      30%        2d12      11%         3
 Lesser Beckoning         Tloc           14%        N/A       14%         2
 Confusing Touch          Hex            7%         N/A       28%         3
 Gell's Gravitas          Tloc           7%         N/A       28%         3
 Teleport Other           Tloc           7%         N/A       28%         3
 Vampiric Draining        Necr           7%         2d6       28%         3
 Flame Wave               Conj/Fire      17%        2d7       28%         4
 Fireball                 Conj/Fire      8%         3d6       61%         5
 Iskenderun's Battlesphe  Conj           12%        2d7       83%         5
 Iron Shot                Conj/Erth      4%         9d2       100%        6
 Spellforged Servitor     Conj/Summ      4%         N/A       100%        7
 Fire Storm               Conj/Fire      8%         8d2       100%        9


Dungeon Overview and Level Annotations

Branches:
Dungeon (3/15)

Altars:
Hepliaklqana

Shops:
D:2 =


Innate Abilities, Weirdness & Mutations

You have very sharp teeth.
Your uncanny sense of smell can sniff out nearby items.
Your experience applies equally to all skills.


Message History

In your confused state, you trip and fall back down the stairs.
The orc shouts!
The orc hits you with a +0 short sword. The orc completely misses you.
The orc completely misses you. x2
In your confused state, you trip and fall back down the stairs.
Something barely misses you. The orc hits you with a +0 whip.
Unknown command.
The orc misses you. Something hits you. The orc barely misses you.
The orc hits you with a +0 whip.
You climb upwards.
Reactivating autopickup.
You feel less confused.
There is a stone staircase leading down here.
You hit the orc. You freeze the orc. You bite the orc, but do no damage.
The orc is almost dead.
You hit the orc but do no damage. The orc hits you but does no damage.
The orc hits you with a +0 short sword.
* * * LOW HITPOINT WARNING * * *
You closely miss the orc.
The orc is almost dead.
You hit the orc. You freeze the orc. The orc closely misses you.
You barely miss the orc.
The orc is heavily wounded.
You hit the orc. You freeze the orc.
You kill the orc!
Deactivating autopickup; reactivate with Ctrl-A.
You closely miss something. Your bite misses something.
You closely miss the orc. The orc hits you with a +0 whip.
* * * LOW HITPOINT WARNING * * *
You hear some strange, mumbled words.
A puff of flame appears from out of thin air!
The puff of flame hits you.
* * * LOW HITPOINT WARNING * * *
It was a potion of curing.
You feel better. Something hits you.
* * * LOW HITPOINT WARNING * * *
It was a potion of cancellation.
You feel magically purged. The orc misses you.
You hear some strange, mumbled words.
A magic dart appears from out of thin air!
The magic dart hits you!
You die...

.....#.....#....#.# #(# #.#
.....###'#.######.###.# #†#
.....# #.#............# #.#
.....# #.....####.########.##
.....###.....# #...........#
.......#.....# #########.#.#
.......#.##### #.#.#
.........######### #.#.#
.....).........o@########.#.#
#####.........##{##.....#.#.#
...#####......##o##.###.#.#.##
.......#......##.##.#...#....#
.......#......##.##.#.########
.......#......##.##...†......#
....####......##.####(#####.##
...)#####.....##.# #.# #.#
....†...########.# #.# #.#


You could see 2 orcs.

Vanquished Creatures
  An adder (D:2)
  A worm (D:2)
  4 dart slugs (D:2)
  2 orcs
  4 ball pythons
  5 endoplasms
  2 giant cockroaches
  7 goblins
  5 hobgoblins
  5 jackals (D:1)
  4 kobolds
  A quokka (D:1)
  10 bats
  4 frilled lizards
  5 rats
60 creatures vanquished.

Vanquished Creatures (others)
  218 foxfires
218 creatures vanquished.

Grand Total: 278 creatures vanquished

Notes
Turn   | Place    | Note
-------+----------+-------------------------------------------
     0 | D:1      | retardedninja the Gnoll Fire Elementalist began the quest
                  | for the Orb.
     0 | D:1      | Reached XP level 1. HP: 13/13 MP: 6/6
   147 | D:1      | Reached XP level 2. HP: 19/19 MP: 5/7
   254 | D:1      | Found a faded altar of an unknown god.
   421 | D:1      | Reached skill level 5 in Spellcasting
   421 | D:1      | Reached XP level 3. HP: 18/25 MP: 5/9
   753 | D:1      | Reached skill level 1 in Invocations
  1145 | D:2      | Reached skill level 1 in Fighting
  1145 | D:2      | Reached skill level 1 in Short Blades
  1145 | D:2      | Reached skill level 1 in Long Blades
  1145 | D:2      | Reached skill level 1 in Axes
  1145 | D:2      | Reached skill level 1 in Maces & Flails
  1145 | D:2      | Reached skill level 1 in Polearms
  1145 | D:2      | Reached skill level 1 in Staves
  1145 | D:2      | Reached skill level 1 in Ranged Weapons
  1145 | D:2      | Reached skill level 1 in Throwing
  1145 | D:2      | Reached skill level 1 in Armour
  1145 | D:2      | Reached skill level 1 in Shields
  1145 | D:2      | Reached skill level 1 in Unarmed Combat
  1145 | D:2      | Reached skill level 1 in Evocations
  1266 | D:2      | Reached XP level 4. HP: 32/32 MP: 9/11
  1520 | D:2      | Found Luilymp's Jewellery Boutique.
  1680 | D:2      | Found a hazy altar of Hepliaklqana.
  1988 | D:2      | Reached skill level 1 in Hexes
  1988 | D:2      | Reached skill level 1 in Summonings
  1988 | D:2      | Reached skill level 1 in Necromancy
  1988 | D:2      | Reached skill level 1 in Translocations
  1988 | D:2      | Reached skill level 1 in Transmutations
  1988 | D:2      | Reached skill level 1 in Ice Magic
  1988 | D:2      | Reached skill level 1 in Air Magic
  1988 | D:2      | Reached skill level 1 in Earth Magic
  1988 | D:2      | Reached skill level 1 in Poison Magic
  2296 | D:3      | Got the Incunable of Bruises
  2697 | D:2      | Killed from afar by an orc wizard

Illustrated notes

Levels and vault maps discovered:
D:1:      dpeg_arrival_castle, layout_rooms,
          shapermc_ecumenical_altar_notcrosses
D:2:      layout_basic, basic_altar, serial_shops, shop
D:3:      layout_basic, grunt_decor_cap

Skill      XL: |  1  2  3  4 |
---------------+-------------+-----
Conjurations   | 2 |  2.2
Spellcasting   | 5 |  5.1
Invocations    | 1 |  1.3
Fighting       | 1 |  1.2
Short Blades   | 1 |  1.2
Long Blades    | 1 |  1.2
Axes           | 1 |  1.2
Maces & Flails | 1 |  1.2
Polearms       | 1 |  1.2
Staves         | 1 |  1.2
Ranged Weapons | 1 |  1.2
Throwing       | 1 |  1.2
Armour         | 1 |  1.2
Shields        | 1 |  1.2
Unarmed Combat | 1 |  1.2
Evocations     | 1 |  1.2
Hexes          | 1 |  1.0
Summonings     | 1 |  1.0
Necromancy     | 1 |  1.0
Translocations | 1 |  1.0
Transmutations | 1 |  1.0
Ice Magic      | 1 |  1.0
Air Magic      | 1 |  1.0
Earth Magic    | 1 |  1.0
Poison Magic   | 1 |  1.0
Dodging        | |  4.6
Stealth        | |  4.3
Fire Magic     | |  5.5

Action                     |  1- 3 |  4- 6 || total
---------------------------+-------+-------++-------
  Melee: Unarmed           |     3 |       ||     3
         War axe           |       |     7 ||     7
         Bite              |       |     1 ||     1
   Cast: Foxfire           |    83 |    52 ||   135
    Use: Potion            |     2 |     3 ||     5
         Scroll            |       |     1 ||     1
 Armour: Robe              |     7 |     5 ||    12
  Dodge: Dodged            |    33 |    25 ||    58

Table legend: (Time is in decaauts)
 A = Elapsed time spent in this place.
 B = Non-inter-level travel time spent in this place.
 C = Inter-level travel time spent in this place.
 D = Time resting spent in this place.
 E = Time spent auto-exploring this place.
 F = Levels seen in this place.
 G = Mean time per level.
                   A        B        C        D        E       F      G
               +--------+--------+--------+--------+--------+-----+--------+
         Total |   2687 |   2640 |     47 |    197 |   1989 |   3 |  895.7 |
       Dungeon |   2687 |   2640 |     47 |    197 |   1989 |   3 |  895.7 |
               +--------+--------+--------+--------+--------+-----+--------+

Top non-repeatable levels by time:
     D:2: 1561 daAuts
     D:1: 917 daAuts
     D:3: 208 daAuts
